 Dungeon Crawl Stone Soup version 0.28-a0-247-gb8bfbab023 (webtiles) character file.

Game seed: 3301309355090390819

286 siradein the Grave Robber (level 6, -6/51 HPs)
             Began as a Deep Dwarf Necromancer on Aug 25, 2021.
             Was a Follower of Makhleb.
             Killed from afar by a steam dragon (17 damage)
             ... with a ball of steam
             ... on level 7 of the Dungeon.
             The game lasted 00:11:16 (4701 turns).

siradein the Grave Robber (Deep Dwarf Necromancer)  Turns: 4701, Time: 00:11:16

Health: -6/51      AC:  3    Str: 13    XL:     6   Next: 8%
Magic:  8/10       EV: 12    Int: 16    God:    Makhleb [*.....]
Gold:   154        SH:  0    Dex: 13    Spells: 7/11 levels left

rFire   . . .      SeeInvis .   g - +0 falchion
rCold   . . .      Faith    .   (no shield)
rNeg    . . .      Spirit   .   e - +0 leather armour
rPois   .          Reflect  .   (no helmet)
rElec   .          Harm     .   (no cloak)
rCorr   .          Rampage  .   (no gloves)
Will    .....                   (no boots)
Stlth   ++........              (no amulet)
HPRegen 0.00/turn               h - ring of flight
MPRegen 0.12/turn               (no ring)

@: flying
A: damage resistance, heal wounds, sense surroundings 1, no regeneration
a: Heal Wounds, Renounce Religion


You were on level 7 of the Dungeon.
You worshipped Makhleb.
Makhleb was aware of your devotion.
You visited 1 branch of the dungeon, and saw 6 of its levels.

You collected 154 gold pieces.

Inventory:

Hand Weapons
 g - a +0 falchion (weapon)
Armour
 e - a +0 leather armour (worn)
Jewellery
 h - a ring of flight (left hand)
 q - a ring of protection from fire
Scrolls
 a - 4 scrolls of noise {unknown}
 b - 2 scrolls of identify {unknown}
 c - a scroll of silence {unknown}
 f - a scroll of amnesia {unknown}
 p - 2 scrolls of teleportation {unknown}
 r - 2 scrolls of enchant armour {unknown}
 u - a scroll of torment {unknown}
 v - a scroll of immolation {unknown}
Potions
 d - a potion of haste {unknown}
 i - a potion of magic {unknown}
 j - a potion of flight {unknown}
 k - a potion of ambrosia {unknown}
 l - 3 potions of curing {unknown}
 m - a potion of might {unknown}
 n - a potion of degeneration {unknown}
 o - a potion of heal wounds {unknown}
 s - a potion of lignification {unknown}
 t - 2 potions of mutation {unknown}


   Skills:
 + Level 1.1 Fighting
 + Level 1.3 Long Blades
 + Level 1.4 Armour
 + Level 2.8 Dodging
 - Level 2.4 Stealth
 + Level 3.3 Spellcasting
 + Level 5.8 Necromancy
 + Level 2.0 Invocations


You had 7 spell levels left.
You knew the following spells:

 Your Spells              Type           Power      Damage    Failure   Level
a - Pain                  Necr           84%        1d8       2%          1
b - Vampiric Draining     Necr           10%        2d7       6%          3

Your spell library contained the following spells:

 Spells                   Type           Power      Damage    Failure   Level
 Animate Skeleton         Necr           42%        N/A       2%          1
 Animate Dead             Necr           10%        N/A       22%         4
 Agony                    Necr           21%        N/A       52%         5
 Conjure Flame            Conj/Fire      2%         6-21      56%         3
 Ignite Poison            Fire/Tmut/Pois 2%         N/A       56%         3
 Sticky Flame             Conj/Fire      2%         2d3       93%         4


Dungeon Overview and Level Annotations

Branches:
Dungeon (5/15)             Temple (0/1) D:5

Altars:
Elyvilon
Kikubaaqudgha
Makhleb
Wu Jian


Innate Abilities, Weirdness & Mutations

You are resistant to damage.
You can heal yourself by infusing magical energy.
You passively map a small area around you.
You do not regenerate.


Message History

The bullfrog skeleton hits you.
You hit the bullfrog skeleton.
The bullfrog skeleton is severely damaged.
The bullfrog skeleton hits you.
The bullfrog skeleton barely misses you.
You riposte.
You hit the bullfrog skeleton.
The bullfrog skeleton is almost destroyed.
You hit the bullfrog skeleton.
You destroy the bullfrog skeleton!
Makhleb accepts your kill.
Your Invocations skill increases to level 2!
You have reached level 6!
Your experience leads to an increase in your attributes!
Increase (S)trength, (I)ntelligence, or (D)exterity?
You feel stronger.
You are sucked into a shaft and drop 2 floors!
The shaft crumbles and collapses.
A steam dragon and a scorpion come into view.
Aiming: Vampiric Draining (dangerous; 6% risk of failure)
Press: ? - help, Q - select action, (/) - cycle Shift-Dir - straight line, f - scorpion
Aim: a scorpion You draw life force from the scorpion.
You feel life coursing into your body.
The steam dragon hisses angrily.
The scorpion stings you. The scorpion stings you.
The scorpion closely misses you. The steam dragon breathes steam at you.
The ball of steam misses you.
You hear a shout! x2
You are engulfed in a cloud of scalding steam.
* * * LOW HITPOINT WARNING * * *
The scorpion is engulfed in a cloud of scalding steam. x2
The scorpion stings you.
* * * LOW HITPOINT WARNING * * *
The scorpion is engulfed in a cloud of scalding steam.
The scorpion is engulfed in a cloud of scalding steam.
The scorpion dies!
The steam dragon breathes steam at you. The ball of steam hits you!!
You die...

* , ** * #.., ,,
, , #.# , , , #.#
* , ,,* . * #.##
*** * ... ###..
.....#...# +# , ,
, .....#...# .#
.......@.###.###.
,
.....#.§.........
, , ...
,#..D....### * #*
* #......#######
#............. *
#............. *
#####†........ ,
* #.........
#.........*


You could see a steam dragon (catching breath).

Vanquished Creatures
  A hound (D:4)
  A bullfrog skeleton (D:5)
  A centaur skeleton (D:5)
  An iguana (D:5)
  3 gnolls
  6 adders
  2 ufetubi (D:4)
  3 worms
  An orc (D:4)
  7 bats
  6 endoplasms
  2 giant cockroaches
  5 hobgoblins
  4 jackals
  7 kobolds
  5 quokkas
  4 ball pythons
  5 frilled lizards
  2 goblins (D:2)
  10 rats
76 creatures vanquished.

Vanquished Creatures (others)
  A scorpion (D:7)
  5 plants (D:1)
6 creatures vanquished.

Grand Total: 82 creatures vanquished

Notes
Turn   | Place    | Note
-------+----------+-------------------------------------------
     0 | D:1      | siradein the Deep Dwarf Necromancer began the quest for the
                  | Orb.
     0 | D:1      | Reached XP level 1. HP: 15/15 MP: 3/3
   404 | D:1      | Reached XP level 2. HP: 22/22 MP: 3/5
  1428 | D:2      | Reached skill level 5 in Necromancy
  1428 | D:2      | Reached XP level 3. HP: 7/28 MP: 3/6
  1432 | D:2      | Learned a level 3 spell: Vampiric Draining
  2474 | D:2      | Found a faded altar of an unknown god.
  2477 | D:2      | Reached XP level 4. HP: 23/36 MP: 4/8
  2865 | D:3      | Found a white marble altar of Elyvilon.
  2893 | D:3      | Found a burning altar of Makhleb.
  2899 | D:3      | Became a worshipper of Makhleb the Destroyer
  3059 | D:3      | Found an ornate altar of the Wu Jian Council.
  3703 | D:4      | Reached skill level 1 in Invocations
  3775 | D:4      | Found an ancient bone altar of Kikubaaqudgha.
  3934 | D:4      | Reached XP level 5. HP: 26/43 MP: 5/9
  4173 | D:4      | Reached skill level 1 in Armour
  4476 | D:4      | Reached * piety under Makhleb
  4558 | D:5      | Entered Level 5 of the Dungeon
  4567 | D:5      | Reached skill level 1 in Long Blades
  4585 | D:5      | Reached skill level 1 in Fighting
  4677 | D:5      | Found a staircase to the Ecumenical Temple.
  4689 | D:5      | Reached XP level 6. HP: 18/51 MP: 10/10
  4689 | D:5      | You are sucked into a shaft and drop 2 floors!
  4689 | D:7      | Noticed a steam dragon
  4701 | D:7      | Killed from afar by a steam dragon

Illustrated notes

Levels and vault maps discovered:
D:1:      roderic_crop_circles_arrival_small, layout_loops_ring
D:2:      layout_loops_ring, shapermc_ecumenical_altar_pompeii
D:3:      layout_loops_ring, nicolae_wu_jian_glorious_leap,
          mainiacjoe_overflow_two_lobes
D:4:      layout_basic, mainiacjoe_overflow_paths
D:5:      layout_loops_ring, mainiacjoe_overflow_surrounded_room,
          minmay_temple_entry_poolview
D:7:      layout_basic, lemuel_doored_altar, uniq_pikel, uniq_maggie,
          uniq_duvessa, uniq_menkaure

Skill      XL: |  1  2  3  4  5 |
---------------+----------------+-----
Spellcasting   | 2 3 |  3.3
Necromancy     | 5 |  5.8
Invocations    | 1 2 |  2.0
Armour         | 1 |  1.4
Long Blades    | 1 |  1.3
Fighting       | 1 |  1.1
Dodging        | |  2.8
Stealth        | |  2.4

Action                   |  1- 3 |  4- 6 || total
-------------------------+-------+-------++-------
Melee: Unarmed           |    21 |       ||    21
       Falchion          |       |    91 ||    91
 Cast: Pain              |    53 |       ||    53
       Vampiric Draining |    12 |    24 ||    36
 Stab: Sleeping          |       |     3 ||     3
Armor: Leather armour    |     4 |    37 ||    41
Dodge: Dodged            |    15 |   112 ||   127
       Rpst.: Falchion   |     2 |    31 ||    33

Table legend: (Time is in decaauts)
 A = Elapsed time spent in this place.
 B = Non-inter-level travel time spent in this place.
 C = Inter-level travel time spent in this place.
 D = Time resting spent in this place.
 E = Time spent auto-exploring this place.
 F = Levels seen in this place.
 G = Mean time per level.
                   A        B        C        D        E       F      G
               +--------+--------+--------+--------+--------+-----+--------+
         Total |   4729 |   4606 |    123 |    446 |   3461 |   6 |  788.2 |
       Dungeon |   4729 |   4606 |    123 |    446 |   3461 |   6 |  788.2 |
               +--------+--------+--------+--------+--------+-----+--------+

Top non-repeatable levels by time:
     D:1: 1439 daAuts
     D:2: 1246 daAuts
     D:3: 958 daAuts
     D:4: 938 daAuts
     D:5: 135 daAuts
     D:7: 11 daAuts
